 Dungeon Crawl Stone Soup version 0.26-a0-651-gb41185065b (webtiles) character file.

Game seed: 16568968335953792927

379 DoubleLucky the Digger (level 6, 0/34 HPs)
             Began as a Gargoyle Earth Elementalist on Sept 30, 2020.
             Slain by a gnoll
             ... wielding a +3 flail of protection
              (10 damage)
             ... on level 4 of the Dungeon.
             The game lasted 00:19:42 (3876 turns).

DoubleLucky the Digger (GrEE)                       Turns: 3876, Time: 00:19:43

Health: 0/34       AC:  7    Str: 13    XL:     6   Next: 74%
Magic:  11/11      EV: 12    Int: 16    God:
Gold:   221        SH:  0    Dex: 10    Spells: 7/11 levels left

rFire    . . .     SeeInvis .   l - +0 flail (holy)
rCold    . . .     Faith    .   (no shield)
rNeg     + . .     Spirit   .   j - +0 leather armour
rPois    ∞         Reflect  .   (no helmet)
rElec    +         Harm     .   (no cloak)
rCorr    .         Rampage  .   (no gloves)
MR       .....                  (no boots)
Stlth    ++........             (no amulet)
HPRegen  0.11/turn              (no ring)
MPRegen  0.12/turn              (no ring)

@: no status effects
A: negative energy resistance 1, electricity resistance, unbreathing,
petrification resistance, rot immunity, AC +4
a: no special abilities


You were on level 4 of the Dungeon.
You visited 1 branch of the dungeon, and saw 4 of its levels.

You collected 221 gold pieces.

Inventory:

Hand Weapons
 g - a +0 dagger
 l - a +0 flail of holy wrath (weapon)
Missiles
 b - 40 stones (quivered)
Armour
 c - a +0 robe
 j - a +0 leather armour (worn)
 m - a +0 chain mail
 p - a +0 ring mail
Jewellery
 d - a +6 ring of dexterity {unknown}
 s - a cursed ring of teleportation {unknown}
Wands
 r - a wand of disintegration (27)
Scrolls
 a - 2 scrolls of identify {unknown}
 f - a scroll of enchant armour {unknown}
 h - a scroll of fog {unknown}
 k - 4 scrolls of remove curse
 o - 2 scrolls of teleportation {unknown}
 v - a scroll of noise {unknown}
Potions
 e - 2 potions of degeneration {unknown}
 i - 4 potions of stabbing {unknown}
 n - a potion of ambrosia {unknown}
 q - a potion of curing {unknown}
 t - a potion of flight {unknown}
 u - a potion of invisibility {unknown}
 w - a potion of brilliance {unknown}


   Skills:
 * Level 1.5 Fighting
 + Level 3.0 Dodging
 - Level 2.1 Stealth
 + Level 3.4 Spellcasting
   Level 0.7 Transmutations
 * Level 6.6 Earth Magic


You had 7 spell levels left.
You knew the following spells:

 Your Spells              Type           Power        Failure   Level
a - Sandblast             Erth           ###...       1%          1
b - Stone Arrow           Conj/Erth      ##....       17%         3

Your spell library contained the following spells:

 Spells                   Type           Power        Failure   Level
 Passwall                 Tmut/Erth      ##......     8%          2
 Lee's Rapid Deconstruct  Erth           ###.......   38%         5
 Petrify                  Tmut/Erth      ##......     45%         4


Dungeon Overview and Level Annotations

Branches:
Dungeon (4/15)
 Temple: D:4-7

Altars:


Innate Abilities, Weirdness & Mutations

You are resistant to torment.
Your stone body is resilient. (AC +4)
You are immune to poison.
You resist negative energy. (rN+)
You are resistant to electric shocks. (rElec)
You can survive without breathing.
You are immune to petrification.
You are immune to rotting.


Message History

Found a stone staircase leading up.
You hit the gnoll but do no damage. The gnoll closely misses you.
You closely miss the gnoll. The gnoll barely misses you.
You closely miss the gnoll. The gnoll barely misses you. The gnoll misses you.
You hit the gnoll but do no damage.
You hear a shout!
The gnoll barely misses you. The gnoll hits you but does no damage.
You hear a shout!
You closely miss the gnoll.
You hear a shout!
The gnoll hits you from afar with a +0 halberd.
The gnoll misses you.
You hit the gnoll but do no damage.
The gnoll hits you with a +3 flail of protection!
You hit the gnoll.
The gnoll is lightly wounded.
The gnoll hits you from afar with a +0 halberd!
* * * LOW HITPOINT WARNING * * *
The gnoll hits you with a +3 flail of protection!
You die...

.# #.# .# #.# #.#
#.# #.# #.#
#.###########.#
####.#...#.).....#
#gg..#.#.#.#######
#.#g.#.#.#.#
...#@.#.#.#.#
.g.g<#..#.#)#.#
#######..#.#.#.#
............#.#
#########.###.#
#.)...# #######


You could see 2 gnolls.

Vanquished Creatures
  A sky beast (D:2)
  An orc priest (D:4)
  Ijyb (D:3)
  Terence (D:2)
  2 orc wizards (D:4)
  A worker ant (D:4)
  A gnoll (D:4)
  5 adders (D:2)
  3 dart slugs
  3 leopard geckos
  2 orcs
  6 bats
  2 giant cockroaches (D:2)
  9 goblins
  7 hobgoblins
  13 jackals
  A quokka (D:3)
  4 frilled lizards
  6 kobolds
  A leopard gecko skeleton (D:4)
  A quokka skeleton (D:2)
  3 rats
74 creatures vanquished.

Notes
Turn   | Place    | Note
-------+----------+-------------------------------------------
     0 | D:1      | DoubleLucky the Gargoyle Earth Elementalist began the quest
                  | for the Orb.
     0 | D:1      | Reached XP level 1. HP: 10/10 MP: 3/3
   187 | D:1      | Reached skill level 4 in Earth Magic
   187 | D:1      | Reached XP level 2. HP: 15/15 MP: 3/5
   506 | D:1      | Reached XP level 3. HP: 19/19 MP: 4/6
  1162 | D:2      | Noticed Terence
  1216 | D:2      | Killed Terence
  1216 | D:2      | Reached skill level 5 in Earth Magic
  1216 | D:2      | Reached XP level 4. HP: 14/24 MP: 0/8
  1858 | D:2      | Noticed a sky beast
  1870 | D:2      | Killed a sky beast
  1870 | D:2      | Reached XP level 5. HP: 11/28 MP: 6/9
  2108 | D:2      | Learned a level 3 spell: Stone Arrow
  2257 | D:2      | Reached skill level 6 in Earth Magic
  2713 | D:3      | Reached XP level 6. HP: 27/32 MP: 7/10
  3074 | D:3      | Noticed Ijyb
  3090 | D:3      | Killed Ijyb
  3726 | D:4      | Reached skill level 1 in Fighting
  3876 | D:4      | Slain by a gnoll

Illustrated notes

Levels and vault maps discovered:
D:1:      heliophobic_arrival_dark_side_of_the_moon, layout_basic
D:2:      layout_loops_cross, uniq_terence
D:3:      layout_basic, minmay_door_square, kennysheep_generic_room_4, uniq_ijyb
D:4:      layout_basic, okawaru_gym_becter, uniq_pikel, uniq_edmund,
          uniq_natasha

Skill      XL: |  1  2  3  4  5  6 |
---------------+-------------------+-----
Earth Magic    | 4 5 6 |  6.6
Dodging        | 2 3 |  3.0
Spellcasting   | 3 |  3.4
Fighting       | 1 |  1.5
Stealth        | |  2.1
Transmutations | |  0.7

Action                   |  1- 3 |  4- 6 || total
-------------------------+-------+-------++-------
Melee: Unarmed           |     7 |       ||     7
       Dagger            |    67 |       ||    67
       Flail             |       |   139 ||   139
 Cast: Sandblast         |    40 |    42 ||    82
  Use: Scroll            |       |     1 ||     1
 Stab: Sleeping          |     2 |     1 ||     3
Armor: Robe              |     6 |       ||     6
       Leather armour    |    37 |    70 ||   107
Dodge: Dodged            |    74 |   134 ||   208

Table legend: (Time is in decaauts)
 A = Elapsed time spent in this place.
 B = Non-inter-level travel time spent in this place.
 C = Inter-level travel time spent in this place.
 D = Time resting spent in this place.
 E = Time spent auto-exploring this place.
 F = Levels seen in this place.
 G = Mean time per level.
                   A        B        C        D        E       F      G
               +--------+--------+--------+--------+--------+-----+--------+
         Total |   3930 |   3834 |     96 |    576 |   2214 |   4 |  982.5 |
       Dungeon |   3930 |   3834 |     96 |    576 |   2214 |   4 |  982.5 |
               +--------+--------+--------+--------+--------+-----+--------+

Top non-repeatable levels by time:
     D:2: 1774 daAuts
     D:3: 1129 daAuts
     D:1: 773 daAuts
     D:4: 253 daAuts
